 Dungeon Crawl Stone Soup version 0.20.0-15-g7f486f2 (webtiles) character file.

49 renl the Cudgeler (level 3, -2/29 HPs)
             Began as a Draconian Skald on June 22, 2017.
             Slain by an adder (4 damage)
             ... on level 2 of the Dungeon.
             The game lasted 00:04:21 (683 turns).

renl the Cudgeler (Draconian Skald)                  Turns: 683, Time: 00:04:21

Health: -2/29      AC:  5    Str: 13    XL:     3   Next: 53%
Magic:  0/6        EV: 11    Int: 14    God:
Gold:   87         SH:  3    Dex: 10    Spells: 3/6 levels left

rFire    . . .     SeeInvis .   a - +0 mace
rCold    . . .     Gourm    .   k - +0 buckler
rNeg     . . .     Faith    .   (armour unavailable)
rPois    .         Spirit   .   (helmet restricted)
rElec    .         Reflect  .   (no cloak)
rCorr    .         Harm     .   (no gloves)
MR       .....                  (no boots)
Stlth    +.........             (no amulet)
Regen    0.1/turn               (no ring)
MPRegen  0.1/turn               (no ring)

@: lethally poisoned (-2 -> -5), shrouded (expiring)
A: unfitting armour, cold-blooded, AC +5
a: no special abilities


You were on level 2 of the Dungeon.
You were hungry.

You visited 1 branch of the dungeon, and saw 2 of its levels.

You collected 87 gold pieces.

Inventory:

Hand Weapons
 a - a +0 mace (weapon)
 m - a +0 war axe
Missiles
 o - a throwing net (quivered)
Armour
 k - a +0 buckler (worn)
Wands
 p - a wand of enslavement (12/24)
Scrolls
 e - 4 scrolls of teleportation {unknown}
 g - 2 scrolls of identify {unknown}
 i - a scroll of enchant weapon {unknown}
 j - a scroll of remove curse {unknown}
 l - a scroll of immolation {unknown}
Potions
 d - a potion of cancellation {unknown}
 f - 2 potions of curing {unknown}
 h - a potion of flight {unknown}
 n - a potion of agility {unknown}
Books
 b - a book of Battle

   Spells                             Type                      Level
   a - Infusion                       Charms                       1
   b - Shroud of Golubria             Charms/Translocation         2
   c - Song of Slaying                Charms                       2
   d - Spectral Weapon                Hexes/Charms                 3
   e - Regeneration                   Charms/Necromancy            3
Comestibles
 c - 2 bread rations


   Skills:
 * Level 2.2 Fighting
 * Level 3.1 Maces & Flails
 + Level 2.4 Dodging
 + Level 0.4 Stealth
 + Level 2.0 Spellcasting
 * Level 3.1 Charms


You had 3 spell levels left.
You knew the following spells:

 Your Spells              Type           Power        Failure   Level  Hunger
a - Infusion              Chrm           ##..         11%         1    ##.....
b - Shroud of Golubria    Chrm/Tloc      #.........   30%         2    ###....


Dungeon Overview and Level Annotations

Branches:
Dungeon (2/15)

Altars:
Fedhas


Innate Abilities, Weirdness & Mutations

Your plain brown scales are hard. (AC +5)
You cannot fit into any form of body armour.
You are cold-blooded and may be slowed by cold attacks.


Message History

The adder is severely wounded.
* * * LOW HITPOINT WARNING * * *
You feel sick. The adder barely misses you. The adder bites you.
* * * LOW HITPOINT WARNING * * *
You hit the adder but do no damage.
The adder is severely wounded.
The adder misses you.
You closely miss the adder.
The adder is severely wounded.
* * * LOW HITPOINT WARNING * * *
You feel sick. The adder closely misses you. You block the adder's attack.
You miss the adder.
The adder is severely wounded.
The adder bites you but does no damage. The adder misses you.
You miss the adder.
The adder is severely wounded.
Your shroud begins to fray at the edges.
* * * LOW HITPOINT WARNING * * *
You feel sick. The adder bites you.
You die...

##############.
...............
##†..# #..#.#
#.##.## #.##.$#
##.###@# #..#
#S########
##[##
#s.......#
##..#
##.......#
##..##
#.......# #
##..##
#....>..# #
#..## #.......#
# #.##
#.......# # #.#
#.......#


You could see an adder and a giant cockroach.

Vanquished Creatures
  2 adders (D:2)
  2 dart slugs (D:1)
  2 leopard geckos
  5 bats
  2 giant cockroaches (D:1)
  A goblin (D:1)
  4 hobgoblins
  3 kobolds (D:1)
  2 frilled lizards
  3 rats
26 creatures vanquished.

Notes
Turn   | Place    | Note
-------+----------+-------------------------------------------
     0 | D:1      | renl the Draconian Skald began the quest for the Orb.
     0 | D:1      | Reached XP level 1. HP: 17/17 MP: 3/3
    90 | D:1      | Reached XP level 2. HP: 22/24 MP: 0/5
    94 | D:1      | Learned a level 2 spell: Shroud of Golubria
   598 | D:2      | Reached XP level 3. HP: 26/29 MP: 0/6
   604 | D:2      | Found a blossoming altar of Fedhas.
   683 | D:2      | Slain by an adder

Skill      XL: |  1  2  3 |
---------------+----------+-----
Charms         | 3 |  3.1
Maces & Flails | 3 |  3.1
Fighting       | |  2.2
Dodging        | |  2.4
Stealth        | |  0.4
Spellcasting   | |  2.0

Action                   || total
-------------------------++-------
Melee: Mace              ||    84
       Tailslap          ||     5
 Cast: Infusion          ||     4
       Shroud of Golubri ||    12
 Stab: Sleeping          ||     1
Armor: Skin              ||    31
Dodge: Dodged            ||    52
Block: Buckler           ||     3
